 Dungeon Crawl Stone Soup version 0.23-a0-326-gb49dddc804 (webtiles) character file.

1060 Napalmbreeze the Chiller (level 8, -5/61 HPs)
             Began as a Barachi Ice Elementalist on Oct 15, 2018.
             Killed by divine providence
             ... invoked by an orc priest
              (13 damage)
             ... on level 6 of the Dungeon on Oct 16, 2018.
             The game lasted 00:21:05 (6538 turns).

Napalmbreeze the Chiller (Barachi Ice Elementalist) Turns: 6538, Time: 00:21:05

Health: -5/61      AC:  3    Str:  9    XL:     8   Next: 27%
Magic:  2/14       EV: 27    Int: 19    God:
Gold:   174        SH:  0    Dex: 14    Spells: 9/16 levels left

rFire    . . .     SeeInvis .   A - +3 long sword "Wusuatij" {drain, rC++} (curse)
rCold    + + +     Gourm    .   (no shield)
rNeg     . . .     Faith    .   a - +0 robe
rPois    .         Spirit   .   (no helmet)
rElec    .         Reflect  .   y - +0 cloak
rCorr    .         Harm     .   (no gloves)
MR       .....                  (no boots)
Stlth    ++........             q - amulet of the acrobat
HPRegen  0.20/turn              u - +2 ring of intelligence
MPRegen  0.14/turn              v - ring of protection from cold

@: lethally poisoned (-5 -> -6), slow
A: +LOS, swims, slowness 1, strong legs 1
a: Hop


You were on level 6 of the Dungeon.
You were hungry.

You visited 1 branch of the dungeon, and saw 6 of its levels.
You also visited: Sewer.

You collected 174 gold pieces.

Inventory:

Hand Weapons
 m - a +0 war axe
 A - the cursed +3 long sword "Wusuatij" (weapon) {drain, rC++}
   (You found it on level 4 of the Dungeon)

   A truly terrible weapon, it drains the life of those it strikes.
   It greatly protects you from cold.
   It has a curse placed upon it.
Armour
 a - a +0 robe (worn)
 n - a +2 scale mail of magic resistance
 y - a +0 cloak (worn)
Jewellery
 k - an uncursed ring of fire
 q - an amulet of the acrobat (around neck)
 u - a +2 ring of intelligence (left hand)
 v - a ring of protection from cold (right hand)
Wands
 w - a wand of scattershot (10)
Scrolls
 b - 3 scrolls of noise {unknown}
 d - 5 scrolls of identify {unknown}
 f - 3 scrolls of remove curse {unknown}
 g - a scroll of immolation {unknown}
 j - 2 scrolls of fog {unknown}
 l - 2 scrolls of fear {unknown}
 o - a scroll of magic mapping {unknown}
 x - 2 scrolls of random uselessness {unknown}
 z - 3 scrolls of blinking {unknown}
 D - a scroll of enchant armour {unknown}
Potions
 h - 2 potions of heal wounds {unknown}
 i - a potion of flight {unknown}
 p - 2 potions of agility {unknown}
 r - 3 potions of mutation {unknown}
 s - a potion of invisibility {unknown}
 t - a potion of lignification {unknown}
 B - a potion of degeneration {unknown}
 C - a potion of brilliance {unknown}
 E - a potion of berserk rage {unknown}
Comestibles
 c - 6 rations
 F - 8 chunks of flesh


   Skills:
 + Level 4.6 Fighting
 + Level 2.6 Long Blades
 - Level 2.1 Dodging
 - Level 1.7 Stealth
 + Level 4.6 Spellcasting
 - Level 1.1 Conjurations
 + Level 4.1 Summonings
 * Level 7.9 Ice Magic


You had 9 spell levels left.
You knew the following spells:

 Your Spells              Type           Power        Failure   Level  Hunger
a - Freeze                Ice            ####         1%          1    None
s - Throw Frost           Conj/Ice       ###...       3%          2    #......
w - Summon Ice Beast      Ice/Summ       ####....     11%         4    ####...

Your spell library contained the following spells:

 Spells                   Type           Power        Failure   Level  Hunger
 Ozocubu's Armour         Chrm/Ice       ###.....     8%          3    ###....
 Throw Icicle             Conj/Ice       ###.....     21%         4    ####...


Dungeon Overview and Level Annotations

Branches:
Dungeon (6/15)
 Temple: D:4-7

Altars:
Elyvilon
Fedhas
Gozag
Kikubaaqudgha
Qazlal
Xom

Annotations:
D:5 exclusion: downstairs
D:6 Dowan, Duvessa, Sigmund


Innate Abilities, Weirdness & Mutations

Shadows flee at your approach. (+LOS)
You can swim through water.
You cover ground slowly.
You can hop short distances.


Message History

The worker ant is moderately wounded.
The iguana barely misses you.
You riposte.
You hit the iguana.
The iguana is moderately wounded.
Casting: Summon Ice Beast (safe; 11% risk of failure)
Confirm with . or Enter, or press ? or * to list all spells.
A chill wind blows around you. Something hits you.
* * * LOW HITPOINT WARNING * * *
The worker ant bites you.
* * * LOW HITPOINT WARNING * * *
You are poisoned.
The worker ant poisons you!
Your ice beast hits the worker ant but does no damage.
The iguana misses you.
Your ice beast hits the orc priest.
Your ice beast freezes the orc priest!
You swap places.
You feel sick.
The worker ant bites your ice beast but does no damage.
Something hits your ice beast.
The orc priest invokes the aid of Beogh against you.
Beogh smites you!
You die...

...(.$.#..%.>....#.......
.......................
.e%....#.............#
..a.(..#............#
.......#............#
e...............YoY#
....####....#..{la#
###..........###Y##
.......#..##...@.#
#####........#..##
#........#### #........#
#........# ##########


You could see an iguana, a worker ant, an orc priest and 2 friendly ice beasts.

Vanquished Creatures
  A sky beast (D:5)
  An ice beast (D:6)
  A crocodile (Sewer)
  A bullfrog (D:5)
  2 scorpions (D:5)
  A howler monkey (D:5)
  A bullfrog zombie (D:5)
  2 crimson imps (D:5)
  2 orc priests
  4 orc wizards
  A centaur skeleton (D:4)
  6 gnolls (D:3)
  7 adders
  An ooze (D:1)
  An adder skeleton (D:4)
  4 worms
  A dart slug (D:3)
  2 leopard geckos (D:3)
  15 orcs
  3 ball pythons
  A giant cockroach (D:5)
  6 goblins
  7 hobgoblins
  20 jackals
  4 kobolds
  2 quokkas
  5 bats
  3 frilled lizards
  A quokka zombie (D:5)
  7 rats
113 creatures vanquished.

Vanquished Creatures (collateral kills)
  An ice beast (D:5)
  A scorpion (D:5)
  An adder (D:5)
  A jackal (D:6)
4 creatures vanquished.

Grand Total: 117 creatures vanquished

Notes
Turn   | Place    | Note
-------+----------+-------------------------------------------
     0 | D:1      | Napalmbreeze the Barachi Ice Elementalist began the quest
                  | for the Orb.
     0 | D:1      | Reached XP level 1. HP: 13/13 MP: 3/3
   184 | D:1      | Reached XP level 2. HP: 20/20 MP: 3/5
   237 | D:1      | Reached skill level 4 in Ice Magic
   408 | D:1      | Reached skill level 1 in Fighting
  1115 | D:2      | Learned a level 2 spell: Throw Frost
  1206 | D:2      | Reached XP level 3. HP: 14/26 MP: 0/6
  1389 | D:2      | Found a stormy altar of Qazlal.
  2308 | D:2      | Reached XP level 4. HP: 25/33 MP: 4/8
  2493 | D:2      | Learned a level 4 spell: Summon Ice Beast
  2738 | D:3      | Reached skill level 5 in Ice Magic
  3246 | D:3      | Reached skill level 1 in Summonings
  3246 | D:3      | Reached XP level 5. HP: 39/39 MP: 5/9
  3626 | D:3      | Reached skill level 6 in Ice Magic
  3626 | D:3      | Reached XP level 6. HP: 45/46 MP: 4/11
  4227 | D:4      | Found a glowing drain.
  4261 | Sewer    | Entered a sewer
  4657 | D:4      | Reached XP level 7. HP: 48/52 MP: 2/12
  4903 | D:4      | Found an ancient bone altar of Kikubaaqudgha.
  5025 | D:4      | Got a jewelled long sword
  5027 | D:4      | Identified the cursed +3 long sword "Wusuatij" {drain,
                  | rC++} (You found it on level 4 of the Dungeon)
  5220 | D:5      | Entered Level 5 of the Dungeon
  5249 | D:5      | Found a blossoming altar of Fedhas.
  5252 | D:5      | Found a shimmering altar of Xom.
  5370 | D:5      | Found a white marble altar of Elyvilon.
  5371 | D:5      | Found an opulent altar of Gozag.
  5568 | D:5      | Reached skill level 1 in Long Blades
  5568 | D:5      | Reached skill level 7 in Ice Magic
  5971 | D:5      | Reached XP level 8. HP: 54/61 MP: 2/14
  6285 | D:6      | Noticed Duvessa
  6285 | D:6      | Noticed Dowan
  6285 | D:6      | Noticed Sigmund
  6538 | D:6      | Killed from afar by an orc priest

Vault maps used:
D:1:      dpeg_arrival_houses_and_road, chequers_serial_rivers_micro_b
D:2:      nicolae_qazlal_general_emergency
D:4:      marbit_many_paths, first_ration, cheibrodos_sewer_entry_drain,
          chequers_serial_rivers_small_b, minivault_19
D:5:      cheibrodos_quashed, grunt_temple_overflow_open
D:6:      uniq_duvessa, uniq_eustachio, uniq_sigmund
Sewer:    sewer_the_crocodile

Skill      XL: |  1  2  3  4  5  6  7  8 |
---------------+-------------------------+-----
Ice Magic      | 4 5 6 7 |  7.9
Fighting       | 1 2 3 4 |  4.6
Spellcasting   | 3 4 |  4.6
Summonings     | 1 2 3 4 |  4.1
Long Blades    | 2 |  2.6
Dodging        | |  2.1
Stealth        | |  1.7
Conjurations   | |  1.1

Action                   |  1- 3 |  4- 6 |  7- 9 || total
-------------------------+-------+-------+-------++-------
Melee: Unarmed           |    29 |     1 |       ||    30
       War axe           |       |    58 |       ||    58
       Long sword        |       |       |    43 ||    43
 Cast: Freeze            |    53 |    71 |    27 ||   151
       Throw Frost       |    11 |    29 |     4 ||    44
       Summon Ice Beast  |       |       |     9 ||     9
  Use: Potion            |       |     1 |     1 ||     2
  Eat: Chunk             |     6 |     5 |     5 ||    16
       Ration            |       |     1 |     1 ||     2
Armor: Robe              |    18 |    27 |    18 ||    63
Dodge: Dodged            |    63 |   116 |    71 ||   250
       Rpst.: Long sword |       |       |    22 ||    22

Table legend:
 A = Non-vault XP
 B = Vault XP
 C = Vault XP percentage of total XP
 D = Non-vault monster count
 E = Vault monster count
 F = Vault count percentage of total count
                 A         B        C        D         E       F
            +---------+---------+-------+---------+---------+-------
      Total |    1379 |     136 |   9.0 |     107 |      10 |   8.5
            +---------+---------+-------+---------+---------+-------
        D:1 |      31 |       0 |   0.0 |      15 |       0 |   0.0
        D:2 |      57 |       0 |   0.0 |      16 |       0 |   0.0
        D:3 |     348 |       0 |   0.0 |      43 |       0 |   0.0
        D:4 |     116 |      20 |  14.7 |      10 |       4 |  28.6
        D:5 |     739 |       0 |   0.0 |      19 |       0 |   0.0
        D:6 |      88 |       0 |   0.0 |       4 |       0 |   0.0
      Sewer |       0 |     116 | 100.0 |       0 |       6 | 100.0
            +---------+---------+-------+---------+---------+-------
